 Dungeon Crawl Stone Soup version 0.30-a0-377-g5cb311bc9f (webtiles) character file.

Game seed: 11384247681196329967

506 Darkkill the Shooter (level 6, -10/56 HPs)
             Began as a Minotaur Hunter on Nov 29, 2022.
             Mangled by an ogre
             ... wielding a +0 giant spiked club
              (29 damage)
             ... on level 5 of the Dungeon.
             The game lasted 00:03:44 (4018 turns).

Darkkill the Shooter (Minotaur Hunter)              Turns: 4018, Time: 00:03:45

Health: -10/56     AC:  8    Str: 15    XL:     6   Next: 97%
Magic:  0/5        EV: 13    Int:  6    God:
Gold:   141        SH:  0    Dex: 16    Spells: 5/5 levels left

rFire   . . .      SeeInvis .    a - +0 shortbow (vorpal)
rCold   . . .      Faith    .    (shield currently unavailable)
rNeg    . . .      Spirit   +    c - +1 leather armour
rPois   .          Reflect  .    (helmet restricted)
rElec   .          Harm     .    (no cloak)
rCorr   .          Rampage  .    (no gloves)
Will    .....                    (no boots)
Stlth   ++........               j - amulet of guardian spirit
HPRegen 0.29/turn                n - +4 ring of protection
MPRegen 0.09/turn                (no ring)

@: no status effects
A: horns 2, retaliatory headbutt
a: no special abilities


You were on level 5 of the Dungeon.
You visited 1 branch of the dungeon, and saw 5 of its levels.

You collected 213 gold pieces.
You spent 72 gold pieces at shops.

Inventory:

Hand Weapons
 a - a +0 vorpal shortbow (weapon)
Missiles
 e - 42 stones
 g - 3 boomerangs
 r - 5 poisoned darts
Armour
 c - a +1 leather armour (worn)
 d - a +2 cloak
Jewellery
 j - an amulet of guardian spirit (around neck)
 n - a +4 ring of protection (left hand)
 s - a +4 ring of protection
 t - a +6 ring of intelligence
Wands
 l - a wand of paralysis (11)
 m - a wand of flame (26)
 u - a wand of light (9)
Scrolls
 b - 3 scrolls of immolation
 q - 2 scrolls of teleportation
 w - a scroll of amnesia {unknown}
Potions
 f - a potion of lignification
 h - 2 potions of haste
 i - a potion of brilliance
 k - 2 potions of might
 o - a potion of attraction
 p - 5 potions of curing {@q1}
 v - a potion of heal wounds {unknown}


   Skills:
 + Level 5.0 Fighting
 + Level 5.9 Ranged Weapons
 + Level 4.5 Dodging
 + Level 3.2 Stealth


You had 5 spell levels left.
You didn't know any spells.
Your spell library was empty.

Dungeon Overview and Level Annotations

Branches:
Dungeon (5/15)
 Temple: D:4-7

Altars:
Cheibriados

Shops:
D:2 :   D:5 (!:


Innate Abilities, Weirdness & Mutations

You have a pair of horns on your head.
You reflexively headbutt those who attack you in melee.


Message History

An adder is nearby!
You shoot an arrow. The arrow hits the adder!
You kill the adder!
No target in view!
A gnoll comes into view. It is wielding a +0 flail.
You shoot an arrow. The arrow hits the gnoll!
The gnoll shouts!
The gnoll is almost dead.
A gnoll comes into view. It is wielding a +0 spear.
There are monsters nearby!
You shoot an arrow. The arrow closely misses the gnoll.
The gnoll shouts!
You hear a shout! 2 gnolls come into view.
The gnoll shouts!
You shoot an arrow.
The arrow hits the gnoll but does no damage.
The gnoll is severely wounded.
The gnoll hits you from afar with a +0 spear.
There are monsters nearby!
You shoot an arrow. The arrow hits the gnoll.
You kill the gnoll!
The gnoll hits you but does no damage.
Your Fighting skill increases to level 5!
There are monsters nearby!
You shoot an arrow.
The arrow hits the gnoll but does no damage.
The gnoll hits you but does no damage. x2
There are monsters nearby!
You shoot an arrow. The arrow hits the gnoll!
You kill the gnoll!
The gnoll closely misses you.
A gnoll is nearby!
You shoot an arrow. The arrow barely misses the gnoll.
The gnoll closely misses you. The gnoll completely misses you.
A gnoll is nearby!
You shoot an arrow. The arrow hits the gnoll!
The gnoll is severely wounded.
The gnoll hits you from afar with a +0 spear.
A gnoll is nearby!
You shoot an arrow. The arrow hits the gnoll!
You kill the gnoll!
You see here a +0 flail.
u - a wand of light (9) No target in view!
You see here a +0 flail.
Things that are here:
a +0 flail; a gnoll corpse You see here an orb of guile.
p - 5 potions of curing {@q1} (gained 1)
You see here an orb of guile.
v - a lumpy emerald potion No target in view!
w - a scroll labelled PAZXU XALEBUR No target in view!
You now have 141 gold pieces (gained 11).
An ogre comes into view. It is wielding a +0 giant spiked club.
Found a rapier.
You shoot an arrow. The arrow hits the ogre.
The ogre shouts!
The ogre is lightly wounded.
An ogre is nearby!
You shoot an arrow. The arrow hits the ogre.
The ogre is lightly wounded.
An ogre is nearby!
You shoot an arrow. The arrow hits the ogre.
The ogre is moderately wounded.
The ogre hits you but does no damage.
An ogre is nearby!
You shoot an arrow. The arrow hits the ogre.
The ogre is heavily wounded.
The ogre barely misses you. You furiously retaliate!
You headbutt the ogre!
An ogre is nearby!
You shoot an arrow. The arrow hits the ogre.
The ogre is almost dead.
An ogre is nearby!
You shoot an arrow. The arrow hits the ogre.
The ogre is almost dead.
The ogre hits you with a +0 giant spiked club!!
An ogre is nearby!
You are too injured to fight recklessly!
An ogre is nearby!
An ogre is nearby!
You are too injured to fight recklessly!
You are too injured to fight recklessly!
An ogre is nearby!
You are too injured to fight recklessly!
An ogre is nearby!
Okay, then.
Fire: a) +0 shortbow (vorpal)
Press: ? - help, Q - select action, (/) - cycle Shift-Dir - straight line, f/p - ogre
Aim: an ogre, wielding a +0 giant spiked club (almost dead, 77% to hit)
You shoot an arrow. The arrow completely misses the ogre.
The ogre hits you with a +0 giant spiked club!!
Fire: a) +0 shortbow (vorpal)
Press: ? - help, Q - select action, (/) - cycle Shift-Dir - straight line, f/p - ogre
Aim: an ogre, wielding a +0 giant spiked club (almost dead, 77% to hit)
You shoot an arrow. The arrow barely misses the ogre.
The ogre hits you with a +0 giant spiked club!!
Ouch! That really hurt!
You die...

...........>#
......#####.#
#####...###.#
.#..........#
.#.##...###.#
#.##...###.#######
.#.##...#.........#
.#.##...#.#.####.##
##.##...#.#.# #@#
#.##...#.#.#
#.O.....)
#.######.#.#
######### #.# #.#)#
#.# #.#.# #.# #.#.#
#.# #.#.#
##.######.#.#
##........#.#


You could see an ogre.

Vanquished Creatures
  2 black bears
  2 scorpions (D:5)
  An orc priest (D:5)
  3 gnolls (D:5)
  6 adders
  A worm (D:2)
  5 dart slugs
  7 orcs
  4 ball pythons
  2 bats
  10 endoplasms
  A giant cockroach (D:1)
  3 goblins
  4 hobgoblins
  8 kobolds
  6 quokkas
  3 frilled lizards
  6 rats
74 creatures vanquished.

Notes
Turn   | Place    | Note
-------+----------+-------------------------------------------
     0 | D:1      | Darkkill the Minotaur Hunter began the quest for the Orb.
     0 | D:1      | Reached XP level 1. HP: 18/18 MP: 0/0
    69 | D:1      | Reached skill level 1 in Stealth
   189 | D:1      | Reached XP level 2. HP: 14/25 MP: 1/1
   835 | D:2      | Reached XP level 3. HP: 31/31 MP: 2/2
   868 | D:2      | Noticed a black bear
   876 | D:2      | Killed a black bear
   877 | D:2      | Reached skill level 5 in Ranged Weapons
   877 | D:2      | Reached XP level 4. HP: 21/40 MP: 3/3
  1029 | D:2      | Reached XP level 5. HP: 46/46 MP: 4/4
  1071 | D:2      | Found Gianef's Book Shoppe.
  1399 | D:2      | Found a snail-covered altar of Cheibriados.
  2860 | D:4      | Noticed a black bear
  2865 | D:4      | Killed a black bear
  2866 | D:4      | Reached XP level 6. HP: 46/53 MP: 3/5
  3302 | D:5      | Entered Level 5 of the Dungeon
  3360 | D:5      | Found Sainlauch's Book Shoppe.
  3390 | D:5      | Found Nela's Distillery.
  3398 | D:5      | Bought a potion of curing for 36 gold pieces
  3398 | D:5      | Bought a potion of curing for 36 gold pieces
  3504 | D:5      | HP: 7/53 [orc priest/+0 hand axe (5)]
  3506 | D:5      | HP: 3/53 [orc priest/nerve-wracking pain (1)]
  3719 | D:5      | Found Istretas's Weapon Shop.
  3828 | D:5      | Reached skill level 5 in Fighting
  4018 | D:5      | Mangled by an ogre

Illustrated notes

Levels and vault maps discovered:
D:1:      saegor_arrival_simple_d, layout_loops_cross
D:2:      layout_basic, serial_shops, shop, basic_altar, kennysheep_nondescript,
          hangedman_decor_points, grunt_ministairs_6, grunt_decor_cap,
          minivault_24, nrook_mini_vaults
D:3:      layout_rooms
D:4:      layout_layer_cave
D:5:      layout_basic, serial_shops, nicolae_diamond_shop,
          nicolae_shop_waterfront, nicolae_lakefront_shop, chequers_garden

Skill      XL: |  1  2  3  4  5  6 |
---------------+-------------------+-----
Stealth        | 1 2 3 |  3.2
Fighting       | 3 4 5 |  5.0
Ranged Weapons | 5 |  5.9
Dodging        | 3 4 |  4.5

Action                   |  1- 3 |  4- 6 || total
-------------------------+-------+-------++-------
 Fire: Shortbow          |    63 |   132 ||   195
  Use: Scroll            |     2 |    15 ||    17
Armor: Leather armour    |     8 |    12 ||    20
Dodge: Dodged            |    18 |    38 ||    56

Table legend: (Time is in decaauts)
 A = Elapsed time spent in this place.
 B = Non-inter-level travel time spent in this place.
 C = Inter-level travel time spent in this place.
 D = Time resting spent in this place.
 E = Time spent auto-exploring this place.
 F = Levels seen in this place.
 G = Mean time per level.
                   A        B        C        D        E       F      G
               +--------+--------+--------+--------+--------+-----+--------+
         Total |   4071 |   3899 |    172 |    204 |   3269 |   5 |  814.2 |
       Dungeon |   4071 |   3899 |    172 |    204 |   3269 |   5 |  814.2 |
               +--------+--------+--------+--------+--------+-----+--------+

Top non-repeatable levels by time:
     D:4: 1201 daAuts
     D:2: 843 daAuts
     D:1: 768 daAuts
     D:5: 727 daAuts
     D:3: 530 daAuts

Table legend:
 A = Kills in this place as a percentage of kills in entire the game.
 B = Kills by you in this place as a percentage of kills by you in the entire game.
 C = Kills by friends in this place as a percentage of kills by friends in the entire game.
 D = Other kills in this place as a percentage of other kills in the entire game.
 E = Experience gained in this place as a percentage of experience gained in the entire game.
 F = Experience gained in this place divided by the number of levels of this place that you have seen.
                   A       B       C       D       E      F
               +-------+-------+-------+-------+-------+----------------------
         Total | 100.0 | 100.0 |   N/A |   N/A | 100.0 | 144.8
       Dungeon | 100.0 | 100.0 |   N/A |   N/A | 100.0 | 144.8
               +-------+-------+-------+-------+-------+----------------------
